Workbook

Sheet Расходы
A1: Статья расходов 2026-2027г
A2: Статья | B2: Тип | C2: Август | D2: Сентябрь | E2: Октябрь | F2: Ноябрь | G2: Декабрь | H2: Январь | I2: Февраль | J2: Март | K2: Апрель | L2: Май | M2: Июнь | N2: Июль | O2: Годовое значение
A3: ФОТ | B3: IOS разработчик | C3: 50000 | D3: 50000 | E3: 50000 | F3: 50000 | G3: 50000 | H3: 50000 | I3: 50000 | J3: 50000 | K3: 50000 | L3: 50000 | M3: 50000 | N3: 50000 | O3: =SUM(C31:N31) -> 7358000
B4: IOS разработчик | C4: 0 | D4: 0 | E4: 0 | F4: 0 | G4: 0 | H4: 0 | I4: 0 | J4: 0 | K4: 0 | L4: 50000 | M4: 50000 | N4: 50000
B5: AND разработчик | C5: 0 | D5: 0 | E5: 0 | F5: 0 | G5: 0 | H5: 0 | I5: 0 | J5: 50000 | K5: 50000 | L5: 50000 | M5: 50000 | N5: 50000
B6: AND разработчик
B7: WEB разработчик | C7: 0 | D7: 0 | E7: 0 | F7: 0 | G7: 0 | H7: 0 | I7: 0 | J7: 50000 | K7: 50000 | L7: 50000 | M7: 50000 | N7: 50000
B8: WEB разработчик
B9: Бухгалтер | C9: 25000 | D9: 25000 | E9: 25000 | F9: 25000 | G9: 25000 | H9: 25000 | I9: 25000 | J9: 25000 | K9: 25000 | L9: 25000 | M9: 25000 | N9: 25000
B10: Тестировщик | C10: 40000 | D10: 40000 | E10: 40000 | F10: 40000 | G10: 40000 | H10: 40000 | I10: 40000 | J10: 40000 | K10: 40000 | L10: 40000 | M10: 40000 | N10: 40000
B11: Итог | C11: =SUM(C3:C10) -> 115000 | D11: =SUM(D3:D10) -> 115000 | E11: =SUM(E3:E10) -> 115000 | F11: =SUM(F3:F10) -> 115000 | G11: =SUM(G3:G10) -> 115000 | H11: =SUM(H3:H10) -> 115000 | I11: =SUM(I3:I10) -> 115000 | J11: =SUM(J3:J10) -> 215000 | ... N11: =SUM(N3:N10) -> 265000
A12: Маркетинг | B12: Таргет вк | C12: 30000 | D12: 40000 | E12: 40000 | F12: 40000 | G12: 40000 | H12: 40000 | I12: 40000 | J12: 40000 | K12: 40000 | L12: 70000 | M12: 90000 | N12: 85000
B13: Таргет тг | C13: 40000 | D13: 50000 | E13: 50000 | F13: 50000 | G13: 50000 | H13: 50000 | I13: 50000 | J13: 50000 | K13: 50000 | L13: 70000 | M13: 90000 | N13: 85000
B14: Контекстная ЯНД | C14: 30000 | D14: 45000 | E14: 45000 | F14: 45000 | G14: 45000 | H14: 45000 | I14: 45000 | J14: 45000 | K14: 45000 | L14: 70000 | M14: 80000 | N14: 85000
B15: Поисковая опт | E15: 0 | F15: 0 | G15: 0 | H15: 0 | I15: 0 | J15: 0 | K15: 0 | L15: 0 | M15: 0 | N15: 0
B16: Гео-сервисы | C16: 0 | E16: 0 | F16: 0 | G16: 0 | H16: 0 | I16: 0 | J16: 0 | K16: 0 | L16: 0 | M16: 0 | N16: 0
B17: Итог | C17: =SUM(C12:C16) -> 100000 | D17: =SUM(D12:D16) -> 135000 | E17: =SUM(E12:E16) -> 135000 | F17: =SUM(F12:F16) -> 135000 | G17: =SUM(G12:G16) -> 135000 | H17: =SUM(H12:H16) -> 135000 | I17: =SUM(I12:I16) -> 135000 | J17: =SUM(J12:J16) -> 135000 | ... N17: =SUM(N12:N16) -> 255000
A18: Услуги | B18: Разработка ANDROID | C18: 300000 | D18: 0 | E18: 300000 | F18: 0 | G18: 0 | H18: 300000 | I18: 0 | J18: 0 | K18: 0 | L18: 0 | M18: 0 | N18: 0
B19: Разработка ANDROID
B20: Разработка WEB | C20: 250000 | D20: 0 | E20: 250000 | F20: 0 | G20: 0 | H20: 300000 | I20: 0 | J20: 0 | K20: 0 | L20: 0 | M20: 0 | N20: 0
B21: Разработка WEB
B22: Back разработчик | C22: 70000 | D22: 70000 | E22: 70000 | F22: 70000 | G22: 70000 | H22: 70000 | I22: 70000 | J22: 70000 | K22: 70000 | L22: 70000 | M22: 70000 | N22: 70000
B23: Итог | C23: =SUM(C18:C22) -> 620000 | D23: =SUM(D18:D22) -> 70000 | E23: =SUM(E18:E22) -> 620000 | F23: =SUM(F18:F22) -> 70000 | G23: =SUM(G18:G22) -> 70000 | H23: =SUM(H18:H22) -> 670000 | I23: =SUM(I18:I22) -> 70000 | J23: =SUM(J18:J22) -> 70000 | ... N23: =SUM(N18:N22) -> 70000
A24: Покупка | B24: Сервер | C24: 400000 | D24: 0 | E24: 0 | F24: 0 | G24: 0 | H24: 0 | I24: 0 | J24: 0 | K24: 0 | L24: 0 | M24: 0 | N24: 0
B25: Итог | C25: =C24 -> 400000 | D25: 0 | E25: 0 | F25: 0 | G25: 0 | H25: 0 | I25: 0 | J25: 0 | K25: 0 | L25: 0 | M25: 0 | N25: 0
A26: Инфраструктура | B26: Телефония | C26: 25000 | D26: 25000 | E26: 25000 | F26: 25000 | G26: 25000 | H26: 25000 | I26: 25000 | J26: 25000 | K26: 25000 | L26: 25000 | M26: 25000 | N26: 25000
B27: Карты ЯНД | C27: 12500 | D27: 12500 | E27: 12500 | F27: 12500 | G27: 12500 | H27: 12500 | I27: 12500 | J27: 12500 | K27: 12500 | L27: 12500 | M27: 12500 | N27: 12500
B28: Трекер | C28: 30000 | D28: - | E28: - | F28: - | G28: - | H28: - | I28: - | J28: - | K28: - | L28: - | M28: - | N28: -
B29: Домен | C29: 250 | D29: 250 | E29: 250 | F29: 250 | G29: 250 | H29: 250 | I29: 250 | J29: 250 | K29: 250 | L29: 250 | M29: 250 | N29: 250
B30: Итог | C30: =SUM(C26:C29) -> 67750 | D30: =SUM(D26:D29) -> 37750 | E30: =SUM(E26:E29) -> 37750 | F30: =SUM(F26:F29) -> 37750 | G30: =SUM(G26:G29) -> 37750 | H30: =SUM(H26:H29) -> 37750 | I30: =SUM(I26:I29) -> 37750 | J30: =SUM(J26:J29) -> 37750 | ... N30: =SUM(N26:N29) -> 37750
A31: Всего | C31: =SUM(C11+C17+C23+C25+C30) -> 1302750 | D31: =SUM(D11+D17+D23+D25+D30) -> 357750 | E31: =SUM(E11+E17+E23+E25+E30) -> 907750 | F31: =SUM(F11+F17+F23+F25+F30) -> 357750 | G31: =SUM(G11+G17+G23+G25+G30) -> 357750 | H31: =SUM(H11+H17+H23+H25+H30) -> 957750 | I31: =SUM(I11+I17+I23+I25+I30) -> 357750 | J31: =SUM(J11+J17+J23+J25+J30) -> 457750 | ... N31: =SUM(N11+N17+N23+N25+N30) -> 627750
A33: Статья расходов 2027-2028г
A34: Статья | B34: Тип | C34: Август | D34: сентябрь | E34: Октябрь | F34: ноябрь | G34: Декабрь | H34: Январь | I34: Февраль | J34: Март | K34: Апрель | L34: Май | M34: Июнь | N34: Июль | O34: Годовое значение
A35: ФОТ | B35: ios разработчик | C35: 80000 | D35: 80000 | E35: 80000 | F35: 80000 | G35: 80000 | H35: 80000 | I35: 80000 | J35: 100000 | K35: 100000 | L35: 100000 | M35: 100000 | N35: 100000 | O35: =SUM(C61:N61) -> 16313000
B36: ios разработчик | C36: 60000 | D36: 60000 | E36: 60000 | F36: 60000 | G36: 60000 | H36: 60000 | I36: 80000 | J36: 80000 | K36: 80000 | L36: 80000 | M36: 80000 | N36: 80000
B37: and разработчик | C37: 80000 | D37: 80000 | E37: 80000 | F37: 80000 | G37: 80000 | H37: 80000 | I37: 80000 | J37: 100000 | K37: 100000 | L37: 100000 | M37: 100000 | N37: 100000
B38: and разработчик | C38: 50000 | D38: 50000 | E38: 50000 | F38: 50000 | G38: 50000 | H38: 50000 | I38: 800000 | J38: 50000 | K38: 50000 | L38: 50000 | M38: 50000 | N38: 50000
B39: web разработчик | C39: 70000 | D39: 70000 | E39: 70000 | F39: 70000 | G39: 70000 | H39: 70000 | I39: 70000 | J39: 90000 | K39: 90000 | L39: 90000 | M39: 90000 | N39: 90000
B40: bac разработчик | C40: 80000 | D40: 80000 | E40: 80000 | F40: 80000 | G40: 80000 | H40: 80000 | I40: 80000 | J40: 110000 | K40: 110000 | L40: 110000 | M40: 110000 | N40: 110000
B41: Бухгалтер | C41: 50000 | D41: 50000 | E41: 50000 | F41: 50000 | G41: 50000 | H41: 50000 | I41: 50000 | J41: 50000 | K41: 50000 | L41: 50000 | M41: 50000 | N41: 50000
B42: Тестировщик | C42: 70000 | D42: 70000 | E42: 70000 | F42: 70000 | G42: 70000 | H42: 70000 | I42: 70000 | J42: 90000 | K42: 90000 | L42: 90000 | M42: 90000 | N42: 90000
B43: Сис аналитик | C43: 100000 | D43: 100000 | E43: 100000 | F43: 100000 | G43: 100000 | H43: 100000 | I43: 100000 | J43: 100000 | K43: 100000 | L43: 100000 | M43: 100000 | N43: 100000
B44: Дизайнер | C44: 0 | D44: 0 | E44: 0 | F44: 0 | G44: 0 | H44: 0 | I44: 0 | J44: 0 | K44: 120000 | L44: 120000 | M44: 120000 | N44: 120000
B45: Продакт мен | C45: 0 | D45: 0 | E45: 0 | F45: 0 | G45: 0 | H45: 0 | I45: 0 | J45: 0 | K45: 190000 | L45: 190000 | M45: 190000 | N45: 190000
B46: Ген дир | C46: 0 | D46: 0 | E46: 0 | F46: 0 | G46: 0 | H46: 0 | I46: 0 | J46: 0 | K46: 30000 | L46: 30000 | M46: 30000 | N46: 30000
B47: Исп дир | C47: 0 | D47: 0 | E47: 0 | F47: 0 | G47: 0 | H47: 0 | I47: 0 | J47: 0 | K47: 30000 | L47: 30000 | M47: 30000 | N47: 30000
B48: Менеджер пр | C48: 0 | D48: 0 | E48: 0 | F48: 0 | G48: 0 | H48: 0 | I48: 0 | J48: 0 | K48: 150000 | L48: 150000 | M48: 150000 | N48: 150000
B49: Итог | C49: =SUM(C35:C48) -> 640000 | D49: =SUM(D35:D48) -> 640000 | E49: =SUM(E35:E48) -> 640000 | F49: =SUM(F35:F48) -> 640000 | G49: =SUM(G35:G48) -> 640000 | H49: =SUM(H35:H48) -> 640000 | I49: =SUM(I35:I48) -> 1410000 | J49: =SUM(J35:J48) -> 770000 | ... N49: =SUM(N35:N48) -> 1290000
A50: Маркетинг | B50: Таргет вк | C50: 70000 | D50: 70000 | E50: 70000 | F50: 90000 | G50: 90000 | H50: 90000 | I50: 90000 | J50: 90000 | K50: 90000 | L50: 90000 | M50: 90000 | N50: 90000
B51: таргет тг | C51: 70000 | D51: 70000 | E51: 70000 | F51: 90000 | G51: 90000 | H51: 90000 | I51: 90000 | J51: 90000 | K51: 90000 | L51: 90000 | M51: 90000 | N51: 90000
B52: Контекстная ЯНД | C52: 70000 | D52: 70000 | E52: 70000 | F52: 90000 | G52: 90000 | H52: 90000 | I52: 90000 | J52: 90000 | K52: 90000 | L52: 90000 | M52: 90000 | N52: 90000
B53: Поисковая опт | C53: 0 | D53: 0 | E53: 0 | F53: 0 | G53: 0 | H53: 30000 | I53: 30000 | J53: 30000 | K53: 30000 | L53: 30000 | M53: 30000 | N53: 30000
B54: гео сервисы | C54: 0 | D54: 0 | E54: 0 | F54: 0 | G54: 0 | H54: 30000 | I54: 30000 | J54: 30000 | K54: 30000 | L54: 30000 | M54: 30000 | N54: 30000
B55: Итог | C55: =SUM(C50:C54) -> 210000 | D55: =SUM(D50:D54) -> 210000 | E55: =SUM(E50:E54) -> 210000 | F55: =SUM(F50:F54) -> 270000 | G55: =SUM(G50:G54) -> 270000 | H55: =SUM(H50:H54) -> 330000 | I55: =SUM(I50:I54) -> 330000 | J55: =SUM(J50:J54) -> 330000 | ... N55: =SUM(N50:N54) -> 330000
B56: Телефония | C56: 25000 | D56: 25000 | E56: 25000 | F56: 25000 | G56: 25000 | H56: 25000 | I56: 25000 | J56: 25000 | K56: 25000 | L56: 25000 | M56: 25000 | N56: 25000
B57: Карты ЯНД | C57: 12500 | D57: 12500 | E57: 12500 | F57: 12500 | G57: 12500 | H57: 12500 | I57: 12500 | J57: 12500 | K57: 12500 | L57: 12500 | M57: 12500 | N57: 12500
B58: Домен | C58: 250 | D58: 250 | E58: 250 | F58: 250 | G58: 250 | H58: 250 | I58: 250 | J58: 250 | K58: 250 | L58: 250 | M58: 250 | N58: 250
B59: Офис | C59: 100000 | D59: 100000 | E59: 100000 | F59: 100000 | G59: 100000 | H59: 100000 | I59: 100000 | J59: 100000 | K59: 100000 | L59: 100000 | M59: 100000 | N59: 100000
B60: Итог | C60: =SUM(C56:C59) -> 137750 | D60: =SUM(D56:D59) -> 137750 | E60: =SUM(E56:E59) -> 137750 | F60: =SUM(F56:F59) -> 137750 | G60: =SUM(G56:G59) -> 137750 | H60: =SUM(H56:H59) -> 137750 | I60: =SUM(I56:I59) -> 137750 | J60: =SUM(J56:J59) -> 137750 | ... N60: =SUM(N56:N59) -> 137750
A61: Всего | C61: =SUM(C49+C55+C60) -> 987750 | D61: =SUM(D49+D55+D60) -> 987750 | E61: =SUM(E49+E55+E60) -> 987750 | F61: =SUM(F49+F55+F60) -> 1047750 | G61: =SUM(G49+G55+G60) -> 1047750 | H61: =SUM(H49+H55+H60) -> 1107750 | I61: =SUM(I49+I55+I60) -> 1877750 | J61: =SUM(J49+J55+J60) -> 1237750 | ... N61: =SUM(N49+N55+N60) -> 1757750
A63: Статья расходов 2028-2029г
B64: Август | C64: Август | D64: Сентябрь | E64: Октябрь | F64: Ноябрь | G64: Декабрь | H64: Январь | I64: Февраль | J64: Март | K64: Апрель | L64: Май | M64: Июнь | N64: Июль | O64: Годовое значение
A65: ФОТ | B65: ios разработчик | C65: 150000 | D65: 150000 | E65: 150000 | F65: 200000 | G65: 200000 | H65: 200000 | I65: 200000 | J65: 200000 | K65: 200000 | L65: 200000 | M65: 200000 | N65: 200000 | O65: =SUM(C96:M96) -> 29036000
B66: ios разработчик | C66: 60000 | D66: 60000 | E66: 60000 | F66: 80000 | G66: 80000 | H66: 80000 | I66: 80000 | J66: 80000 | K66: 80000 | L66: 80000 | M66: 80000 | N66: 80000
B67: and разработчик | C67: 150000 | D67: 150000 | E67: 150000 | F67: 190000 | G67: 190000 | H67: 190000 | I67: 190000 | J67: 190000 | K67: 190000 | L67: 190000 | M67: 190000 | N67: 190000
B68: and разработчик | C68: 50000 | D68: 50000 | E68: 50000 | F68: 80000 | G68: 80000 | H68: 80000 | I68: 80000 | J68: 80000 | K68: 80000 | L68: 80000 | M68: 80000 | N68: 80000
B69: web разработчик | C69: 150000 | D69: 150000 | E69: 150000 | F69: 190000 | G69: 190000 | H69: 190000 | I69: 190000 | J69: 190000 | K69: 190000 | L69: 190000 | M69: 190000 | N69: 190000
B70: web разработчик | C70: 50000 | D70: 50000 | E70: 50000 | F70: 70000 | G70: 70000 | H70: 70000 | I70: 70000 | J70: 70000 | K70: 70000 | L70: 70000 | M70: 70000 | N70: 70000
B71: bac разработчик | C71: 170000 | D71: 170000 | E71: 170000 | F71: 200000 | G71: 200000 | H71: 200000 | I71: 200000 | J71: 200000 | K71: 200000 | L71: 200000 | M71: 200000 | N71: 200000
B72: bac разработчик | C72: 60000 | D72: 60000 | E72: 60000 | F72: 60000 | G72: 60000 | H72: 60000 | I72: 60000 | J72: 60000 | K72: 60000 | L72: 60000 | M72: 60000 | N72: 60000
B73: Бухгалтер (х2) | C73: 50000 | D73: 50000 | E73: 50000 | F73: 50000 | G73: 50000 | H73: 50000 | I73: 50000 | J73: 50000 | K73: 50000 | L73: 50000 | M73: 50000 | N73: 50000
B74: Тестировщик | C74: 100000 | D74: 100000 | E74: 100000 | F74: 100000 | G74: 150000 | H74: 150000 | I74: 150000 | J74: 150000 | K74: 150000 | L74: 150000 | M74: 150000 | N74: 150000
B75: Сис аналитик (х2) | C75: 150000 | D75: 150000 | E75: 150000 | F75: 150000 | G75: 150000 | H75: 150000 | I75: 150000 | J75: 150000 | K75: 150000 | L75: 150000 | M75: 150000 | N75: 150000
B76: Дизайнер | C76: 120000 | D76: 120000 | E76: 120000 | F76: 120000 | G76: 120000 | H76: 120000 | I76: 120000 | J76: 120000 | K76: 120000 | L76: 120000 | M76: 120000 | N76: 120000
B77: Продакт мен | C77: 190000 | D77: 190000 | E77: 190000 | F77: 190000 | G77: 190000 | H77: 190000 | I77: 190000 | J77: 190000 | K77: 190000 | L77: 190000 | M77: 190000 | N77: 190000
... B81: Юрист | C81: 130000 | D81: 130000 | E81: 130000 | F81: 130000 | G81: 130000 | H81: 130000 | I81: 130000 | J81: 130000 | K81: 130000 | L81: 130000 | M81: 130000 | N81: 130000
B82: Итог | C82: =SUM(C65:C81) -> 1820000 | D82: =SUM(D65:D81) -> 1820000 | E82: =SUM(E65:E81) -> 1820000 | F82: =SUM(F65:F81) -> 2050000 | G82: =SUM(G65:G81) -> 2100000 | H82: =SUM(H65:H81) -> 2230000 | I82: =SUM(I65:I81) -> 2230000 | J82: =SUM(J65:J81) -> 2230000 | ... N82: =SUM(N65:N81) -> 2230000
A83: Маркетинг | B83: Таргет вк | C83: 70000 | D83: 70000 | E83: 70000 | F83: 70000 | G83: 70000 | H83: 70000 | I83: 80000 | J83: 80000 | K83: 80000 | L83: 80000 | M83: 80000 | N83: 80000
B84: таргет тг | C84: 70000 | D84: 70000 | E84: 70000 | F84: 70000 | G84: 70000 | H84: 70000 | I84: 90000 | J84: 90000 | K84: 90000 | L84: 90000 | M84: 90000 | N84: 90000
B85: Контекстная ЯНД | C85: 70000 | D85: 70000 | E85: 70000 | F85: 70000 | G85: 70000 | H85: 70000 | I85: 70000 | J85: 70000 | K85: 70000 | L85: 70000 | M85: 70000 | N85: 70000
B86: Поисковая опт | C86: 50000 | D86: 50000 | E86: 50000 | F86: 50000 | G86: 50000 | H86: 50000 | I86: 50000 | J86: 50000 | K86: 50000 | L86: 50000 | M86: 50000 | N86: 50000
B87: гео сервисы | C87: 40000 | D87: 40000 | E87: 40000 | F87: 40000 | G87: 40000 | H87: 40000 | I87: 40000 | J87: 40000 | K87: 40000 | L87: 40000 | M87: 40000 | N87: 40000
B88: Работа Брендом | C88: 30000 | D88: 30000 | E88: 30000 | F88: 30000 | G88: 30000 | H88: 30000 | I88: 30000 | J88: 45000 | K88: 45000 | L88: 45000 | M88: 45000 | N88: 45000
B89: Контекстная Гугл | C89: 50000 | D89: 50000 | E89: 50000 | F89: 50000 | G89: 50000 | H89: 50000 | I89: 60000 | J89: 60000 | K89: 60000 | L89: 60000 | M89: 60000 | N89: 60000
B90: Итог | C90: =SUM(C83:C89) -> 380000 | D90: =SUM(D83:D89) -> 380000 | E90: =SUM(E83:E89) -> 380000 | F90: =SUM(F83:F89) -> 380000 | G90: =SUM(G83:G89) -> 380000 | H90: =SUM(H83:H89) -> 380000 | I90: =SUM(I83:I89) -> 420000 | J90: =SUM(J83:J89) -> 435000 | ... N90: =SUM(N83:N89) -> 435000
B91: Телефония | C91: 30000 | D91: 30000 | E91: 30000 | F91: 30000 | G91: 30000 | H91: 30000 | I91: 30000 | J91: 30000 | K91: 30000 | L91: 30000 | M91: 30000 | N91: 30000
B92: Карты ЯНД | C92: 15000 | D92: 15000 | E92: 15000 | F92: 15000 | G92: 15000 | H92: 15000 | I92: 15000 | J92: 15000 | K92: 15000 | L92: 15000 | M92: 15000 | N92: 15000
B93: Домен | C93: 1000 | D93: 1000 | E93: 1000 | F93: 1000 | G93: 1000 | H93: 1000 | I93: 1000 | J93: 1000 | K93: 1000 | L93: 1000 | M93: 1000 | N93: 1000
B94: Офис | C94: 100000 | D94: 100000 | E94: 100000 | F94: 100000 | G94: 100000 | H94: 100000 | I94: 100000 | J94: 100000 | K94: 100000 | L94: 100000 | M94: 100000 | N94: 100000
B95: Итог | C95: =SUM(C91:C94) -> 146000 | D95: =SUM(D91:D94) -> 146000 | E95: =SUM(E91:E94) -> 146000 | F95: =SUM(F91:F94) -> 146000 | G95: =SUM(G91:G94) -> 146000 | H95: =SUM(H91:H94) -> 146000 | I95: =SUM(I91:I94) -> 146000 | J95: =SUM(J91:J94) -> 146000 | ... N95: =SUM(N91:N94) -> 146000
A96: Всего | C96: =SUM(C82+C90+C95) -> 2346000 | D96: =SUM(D82+D90+D95) -> 2346000 | E96: =SUM(E82+E90+E95) -> 2346000 | F96: =SUM(F82+F90+F95) -> 2576000 | G96: =SUM(G82+G90+G95) -> 2626000 | H96: =SUM(H82+H90+H95) -> 2756000 | I96: =SUM(I82+I90+I95) -> 2796000 | J96: =SUM(J82+J90+J95) -> 2811000 | ... N96: =SUM(N82+N90+N95) -> 2811000
A99: Статья расходов 2030-2031г
B100: Август | C100: Август | D100: Сентябрь | E100: Октябрь | F100: Ноябрь | G100: Декабрь | H100: Январь | I100: Февраль | J100: Март | K100: Апрель | L100: Май | M100: Июнь | N100: Июль | O100: Годовое значение
A101: ФОТ | B101: ios разработчик | C101: 180000 | D101: 180000 | E101: 180000 | F101: 200000 | G101: 200000 | H101: 200000 | I101: 200000 | J101: 200000 | K101: 200000 | L101: 200000 | M101: 200000 | N101: 200000 | O101: =SUM(C133:M133) -> 37733000
B102: ios разработчик | C102: 100000 | D102: 100000 | E102: 100000 | F102: 110000 | G102: 110000 | H102: 110000 | I102: 110000 | J102: 110000 | K102: 110000 | L102: 130000 | M102: 130000 | N102: 130000
B103: and разработчик | C103: 170000 | D103: 170000 | E103: 170000 | F103: 190000 | G103: 190000 | H103: 190000 | I103: 190000 | J103: 190000 | K103: 190000 | L103: 190000 | M103: 190000 | N103: 190000
B104: and разработчик | C104: 100000 | D104: 100000 | E104: 100000 | F104: 100000 | G104: 100000 | H104: 100000 | I104: 110000 | J104: 110000 | K104: 110000 | L104: 110000 | M104: 110000 | N104: 110000
B105: web разработчик | C105: 170000 | D105: 170000 | E105: 170000 | F105: 190000 | G105: 190000 | H105: 190000 | I105: 190000 | J105: 190000 | K105: 190000 | L105: 190000 | M105: 190000 | N105: 190000
B106: web разработчик | C106: 120000 | D106: 120000 | E106: 120000 | F106: 120000 | G106: 120000 | H106: 120000 | I106: 120000 | J106: 130000 | K106: 120000 | L106: 120000 | M106: 120000 | N106: 120000
B107: bac разработчик | C107: 200000 | D107: 200000 | E107: 200000 | F107: 200000 | G107: 200000 | H107: 200000 | I107: 200000 | J107: 200000 | K107: 200000 | L107: 200000 | M107: 200000 | N107: 200000
...

Sheet Доход
A1: Статья доходов 2026-2027г (сен-авг)
A2: Роль | B2: Наименование | C2: Количество операций в день | P2: Годовое значение
C3: Цена за ед | D3: Август | E3: Сентябрь | F3: Октябрь | G3: Ноябрь | H3: Декабрь | I3: Январь | J3: Февраль | K3: Март | L3: Апрель | M3: Май | N3: Июнь | O3: Июль
A4: Работник | B4: Поднятие резюме | C4: 180 | D4: 0 | E4: 0 | F4: 0 | G4: 0 | H4: 0 | I4: 0 | J4: 0 | K4: 0 | L4: 0 | M4: 0 | N4: 2 | O4: 2 | P4: =SUM(D15:O15) -> 1768200
B5: Итого | D5: =D4*C4 -> 0 | E5: =E4*C4 -> 0 | F5: =F4*C4 -> 0 | G5: =G4*C4 -> 0 | H5: =H4*C4 -> 0 | I5: =I4*C4 -> 0 | J5: =J4*C4 -> 0 | K5: =K4*C4 -> 0 | L5: =L4*C4 -> 0 | M5: =M4*C4 -> 0 | N5: =N4*C4 -> 360 | O5: =O4*C4 -> 360
A6: Организация | B6: Размещение вак (1 мес) | C6: 550 | D6: 0 | E6: 0 | F6: 0 | G6: 0 | H6: 0 | I6: 2 | J6: 3 | K6: 5 | L6: 5 | M6: 8 | N6: 10 | O6: 14
B7: Размещение вак (сроч) | C7: 170 | D7: 0 | E7: 0 | F7: 0 | G7: 0 | H7: 0 | I7: 1 | J7: 2 | K7: 3 | L7: 4 | M7: 7 | N7: 8 | O7: 10
B8: Открытие резюме | C8: 85 | D8: 0 | E8: 0 | F8: 0 | G8: 0 | H8: 0 | I8: 2 | J8: 2 | K8: 4 | L8: 4 | M8: 6 | N8: 8 | O8: 10
B9: Кастомизвция лого (1мес) | C9: 200 | D9: 0 | E9: 0 | F9: 0 | G9: 0 | H9: 0 | I9: 0 | J9: 0 | K9: 0 | L9: 0 | M9: 0 | N9: 0 | O9: 0
B10: Итого | D10: =SUMPRODUCT(D6:D9, C6:C9) -> 0 | E10: =SUMPRODUCT(E6:E9, C6:C9) -> 0 | F10: =SUMPRODUCT(F6:F9, C6:C9) -> 0 | G10: =SUMPRODUCT(G6:G9, C6:C9) -> 0 | H10: =SUMPRODUCT(H6:H9, C6:C9) -> 0 | I10: =SUMPRODUCT(I6:I9, C6:C9) -> 1440 | J10: =SUMPRODUCT(J6:J9, C6:C9) -> 2160 | K10: =SUMPRODUCT(K6:K9, C6:C9) -> 3600 | L10: =SUMPRODUCT(L6:L9, C6:C9) -> 3770 | M10: =SUMPRODUCT(M6:M9, C6:C9) -> 6100 | N10: =SUMPRODUCT(N6:N9, C6:C9) -> 7540 | O10: =SUMPRODUCT(O6:O9, C6:C9) -> 10250
A11: Поставщик | B11: Размещение магазина | C11: 600 | D11: 0 | E11: 0 | F11: 0 | G11: 0 | H11: 0 | I11: 0 | J11: 3 | K11: 3 | L11: 5 | M11: 7 | N11: 8 | O11: 10
B12: Поднятие магазина в топ | C12: 200 | D12: 0 | E12: 0 | F12: 0 | G12: 0 | H12: 0 | I12: 0 | J12: 0 | K12: 0 | L12: 0 | M12: 0 | N12: 3 | O12: 4
B13: Открытие организации | C13: 120 | D13: 0 | E13: 0 | F13: 0 | G13: 0 | H13: 0 | I13: 0 | J13: 0 | K13: 0 | L13: 0 | M13: 0 | N13: 0 | O13: 3
B14: Итого | D14: =SUMPRODUCT(D11:D13, C11:C13) -> 0 | E14: =SUMPRODUCT(E11:E13, C11:C13) -> 0 | F14: =SUMPRODUCT(F11:F13, C11:C13) -> 0 | G14: =SUMPRODUCT(G11:G13, C11:C13) -> 0 | H14: =SUMPRODUCT(H11:H13, C11:C13) -> 0 | I14: =SUMPRODUCT(I11:I13, C11:C13) -> 0 | J14: =SUMPRODUCT(J11:J13, C11:C13) -> 1800 | K14: =SUMPRODUCT(K11:K13, C11:C13) -> 1800 | L14: =SUMPRODUCT(L11:L13, C11:C13) -> 3000 | M14: =SUMPRODUCT(M11:M13, C11:C13) -> 4200 | N14: =SUMPRODUCT(N11:N13, C11:C13) -> 5400 | O14: =SUMPRODUCT(O11:O13, C11:C13) -> 7160
A15: Всего за месяц | D15: =SUM(D5+D10+D14)*30 -> 0 | E15: =SUM(E5+E10+E14)*30 -> 0 | F15: =SUM(F5+F10+F14)*30 -> 0 | G15: =SUM(G5+G10+G14)*30 -> 0 | H15: =SUM(H5+H10+H14)*30 -> 0 | I15: =SUM(I5+I10+I14)*30 -> 43200 | J15: =SUM(J5+J10+J14)*30 -> 118800 | K15: =SUM(K5+K10+K14)*30 -> 162000 | ... O15: =SUM(O5+O10+O14)*30 -> 533100
A18: Статья доходов 2027-2028г (сен-авг)
A19: Роль | B19: Наименование | C19: Количество операций в день | Q19: Годовое значение
C20: Цена за ед | D20: Август | E20: Сентябрь | F20: Октябрь | G20: Ноябрь | H20: Декабрь | I20: Январь | J20: Февраль | K20: Цена за ед | L20: Март | M20: Апрель | N20: Май | O20: Июнь | P20: Июль
A21: Работник | B21: Поднятие резюме | C21: 200 | D21: 4 | E21: 5 | F21: 5 | G21: 7 | H21: 7 | I21: 9 | J21: 9 | K21: 215 | L21: 9 | M21: 10 | N21: 10 | O21: 12 | P21: 12 | Q21: =SUM(D32:P32) -> 18151050
B22: Итого | D22: =D21*C21 -> 800 | E22: =E21*C21 -> 1000 | F22: =F21*C21 -> 1000 | G22: =G21*C21 -> 1400 | H22: =H21*C21 -> 1400 | I22: =I21*C21 -> 1800 | J22: =J21*C21 -> 1800 | L22: =L21*K21 -> 1935 | M22: =M21*K21 -> 2150 | N22: =N21*K21 -> 2150 | O22: =O21*K21 -> 2580 | P22: =P21*K21 -> 2580
A23: Организация | B23: Размещение вак (1 мес) | C23: 610 | D23: 16 | E23: 19 | F23: 21 | G23: 21 | H23: 24 | I23: 27 | J23: 30 | K23: 635 | L23: 34 | M23: 36 | N23: 40 | O23: 45 | P23: 48
B24: Размещение вак (сроч) | C24: 210 | D24: 13 | E24: 17 | F24: 19 | G24: 19 | H24: 21 | I24: 24 | J24: 28 | K24: 230 | L24: 32 | M24: 35 | N24: 37 | O24: 39 | P24: 43
B25: Открытие резюме | C25: 95 | D25: 12 | E25: 15 | F25: 16 | G25: 16 | H25: 18 | I25: 22 | J25: 25 | K25: 105 | L25: 28 | M25: 31 | N25: 35 | O25: 38 | P25: 43
B26: Кастомизвция лого (1мес) | C26: 200 | D26: 0 | E26: 1 | F26: 2 | G26: 2 | H26: 2 | I26: 3 | J26: 3 | K26: 220 | L26: 4 | M26: 4 | N26: 4 | O26: 5 | P26: 5
B27: Итого | D27: =SUMPRODUCT(D23:D26, C23:C26) -> 13630 | E27: =SUMPRODUCT(E23:E26, C23:C26) -> 16785 | F27: =SUMPRODUCT(F23:F26, C23:C26) -> 18720 | G27: =SUMPRODUCT(G23:G26, C23:C26) -> 18720 | H27: =SUMPRODUCT(H23:H26, C23:C26) -> 21160 | I27: =SUMPRODUCT(I23:I26, C23:C26) -> 24200 | J27: =SUMPRODUCT(J23:J26, C23:C26) -> 27155 | L27: =SUMPRODUCT(L23:L26,K23:K26) -> 32770 | M27: =SUMPRODUCT(M23:M26, K23:K26) -> 35045 | N27: =SUMPRODUCT(N23:N26, K23:K26) -> 38465 | O27: =SUMPRODUCT(O23:O26, K23:K26) -> 42635 | P27: =SUMPRODUCT(P23:P26, K23:K26) -> 45985
A28: Поставщик | B28: Размещение магазина | C28: 640 | D28: 12 | E28: 14 | F28: 17 | G28: 20 | H28: 20 | I28: 23 | J28: 23 | K28: 650 | L28: 25 | M28: 25 | N28: 26 | O28: 26 | P28: 26
B29: Поднятие магазина в топ | C29: 240 | D29: 4 | E29: 6 | F29: 9 | G29: 15 | H29: 16 | I29: 18 | J29: 20 | K29: 250 | L29: 23 | M29: 23 | N29: 25 | O29: 25 | P29: 25
B30: Открытие организации | C30: 155 | D30: 3 | E30: 5 | F30: 8 | G30: 11 | H30: 13 | I30: 16 | J30: 18 | K30: 170 | L30: 20 | M30: 21 | N30: 24 | O30: 27 | P30: 29
B31: Итого | D31: =SUMPRODUCT(D28:D30, C28:C30) -> 9105 | E31: =SUMPRODUCT(E28:E30, C28:C30) -> 11175 | F31: =SUMPRODUCT(F28:F30, C28:C30) -> 14280 | G31: =SUMPRODUCT(G28:G30, C28:C30) -> 18105 | H31: =SUMPRODUCT(H28:H30, C28:C30) -> 18655 | I31: =SUMPRODUCT(I28:I30, C28:C30) -> 21520 | J31: =SUMPRODUCT(J28:J30, C28:C30) -> 22310 | L31: =SUMPRODUCT(L28:L30, K28:K30) -> 25400 | M31: =SUMPRODUCT(M28:M30, K28:K30) -> 25570 | N31: =SUMPRODUCT(N28:N30, K28:K30) -> 27230 | O31: =SUMPRODUCT(O28:O30, K28:K30) -> 27740 | P31: =SUMPRODUCT(P28:P30, K28:K30) -> 28080
A32: Всего за месяц | D32: =SUM(D22+D27+D31)*30 -> 706050 | E32: =SUM(E22+E27+E31)*30 -> 868800 | F32: =SUM(F22+F27+F31)*30 -> 1020000 | G32: =SUM(G22+G27+G31)*30 -> 1146750 | H32: =SUM(H22+H27+H31)*30 -> 1236450 | I32: =SUM(I22+I27+I31)*30 -> 1425600 | J32: =SUM(J22+J27+J31)*30 -> 1537950 | L32: =SUM(L22+L27+L31)*30 -> 1803150 | M32: =SUM(M22+M27+M31)*30 -> 1882950 | N32: =SUM(N22+N27+N31)*30 -> 2035350 | O32: =SUM(O22+O27+O31)*30 -> 2188650 | P32: =SUM(P22+P27+P31)*30 -> 2299350
A35: Статья доходов 2029-2030г (сен-авг)
A36: Роль | B36: Наименование | C36: Количество операций в день | Q36: Годовое значение
C37: Цена за ед | D37: Август | E37: Сентябрь | F37: Цена за ед | G37: Октябрь | H37: Ноябрь | I37: Декабрь | J37: Январь | K37: Февраль | L37: Март | M37: Апрель | N37: Май | O37: Июнь | P37: Июль
A38: Работник | B38: Поднятие резюме | C38: 215 | D38: 12 | E38: 12 | F38: 220 | G38: 13 | H38: 13 | I38: 13 | J38: 14 | K38: 14 | L38: 15 | M38: 15 | N38: 17 | O38: 17 | P38: 19 | Q38: =SUM(D50:P50) -> 38744550
B39: Автоматическая рассылка р | C39: 130 | D39: 1 | E39: 1 | F39: 130 | G39: 2 | H39: 2 | I39: 2 | J39: 3 | K39: 3 | L39: 3 | M39: 4 | N39: 6 | O39: 6 | P39: 8
B40: Итого | D40: =SUMPRODUCT(C38:C39,D38:D39) -> 2710 | E40: =SUMPRODUCT(C38:C39,E38:E39) -> 2710 | G40: =SUMPRODUCT(F38:F39,G38:G39) -> 3120 | H40: =SUMPRODUCT(H38:H39,F38:F39) -> 3120 | I40: =SUMPRODUCT(F38:F39,I38:I39) -> 3120 | J40: =SUMPRODUCT(F38:F39,J38:J39) -> 3470 | K40: =SUMPRODUCT(F38:F39,K38:K39) -> 3470 | L40: =SUMPRODUCT(F38:F39,L38:L39) -> 3690 | M40: =SUMPRODUCT(F38:F39,M38:M39) -> 3820 | N40: =SUMPRODUCT(F38:F39,N38:N39) -> 4520 | O40: =SUMPRODUCT(F38:F39,O38:O39) -> 4520 | P40: =SUMPRODUCT(F38:F39,P38:P39) -> 5220
A41: Организация | B41: Размещение вак (1 мес) | C41: 635 | D41: 53 | E41: 57 | F41: 660 | G41: 59 | H41: 60 | I41: 64 | J41: 67 | K41: 70 | L41: 74 | M41: 77 | N41: 82 | O41: 86 | P41: 89
B42: Размещение вак (сроч) | C42: 230 | D42: 46 | E42: 49 | F42: 245 | G42: 53 | H42: 54 | I42: 58 | J42: 61 | K42: 65 | L42: 69 | M42: 71 | N42: 76 | O42: 79 | P42: 83
B43: Открытие резюме | C43: 105 | D43: 45 | E43: 47 | F43: 120 | G43: 50 | H43: 51 | I43: 55 | J43: 59 | K43: 62 | L43: 66 | M43: 70 | N43: 75 | O43: 79 | P43: 82
B44: Кастомизвция лого (1мес) | C44: 220 | D44: 7 | E44: 7 | F44: 220 | G44: 7 | H44: 7 | I44: 9 | J44: 9 | K44: 9 | L44: 10 | M44: 10 | N44: 10 | O44: 10 | P44: 12
B45: Итого | D45: =SUMPRODUCT(D41:D44, C41:C44) -> 50500 | E45: =SUMPRODUCT(E41:E44, C41:C44) -> 53940 | G45: =SUMPRODUCT(G41:G44,F41:F44) -> 59465 | H45: =SUMPRODUCT(H41:H44,F41:F44) -> 60490 | I45: =SUMPRODUCT(I41:I44,F41:F44) -> 65030 | J45: =SUMPRODUCT(J41:J44,F41:F44) -> 68225 | K45: =SUMPRODUCT(K41:K44,F41:F44) -> 71545 | L45: =SUMPRODUCT(L41:L44,F41:F44) -> 75865 | M45: =SUMPRODUCT(M41:M44,F41:F44) -> 78815 | N45: =SUMPRODUCT(N41:N44,F41:F44) -> 83940 | O45: =SUMPRODUCT(O41:O44,F41:F44) -> 87795 | P45: =SUMPRODUCT(P41:P44,F41:F44) -> 91555
A46: Поставщик | B46: Размещение магазина | C46: 650 | D46: 26 | E46: 27 | F46: 690 | G46: 28 | H46: 28 | I46: 28 | J46: 29 | K46: 29 | L46: 29 | M46: 29 | N46: 30 | O46: 30 | P46: 30
B47: Поднятие магазина в топ | C47: 250 | D47: 25 | E47: 27 | F47: 275 | G47: 27 | H47: 27 | I47: 27 | J47: 28 | K47: 28 | L47: 29 | M47: 29 | N47: 29 | O47: 30 | P47: 30
B48: Открытие организации | C48: 170 | D48: 29 | E48: 31 | F48: 190 | G48: 33 | H48: 33 | I48: 33 | J48: 34 | K48: 34 | L48: 34 | M48: 34 | N48: 35 | O48: 35 | P48: 37
B49: Итого | D49: =SUMPRODUCT(D46:D48, C46:C48) -> 28080 | E49: =SUMPRODUCT(E46:E48, C46:C48) -> 29570 | G49: =SUMPRODUCT(G46:G48, F46:F48) -> 33015 | H49: =SUMPRODUCT(H46:H48, F46:F48) -> 33015 | I49: =SUMPRODUCT(I46:I48, F46:F48) -> 33015 | J49: =SUMPRODUCT(J46:J48, F46:F48) -> 34170 | K49: =SUMPRODUCT(K46:K48, F46:F48) -> 34170 | L49: =SUMPRODUCT(L46:L48, F46:F48) -> 34445 | M49: =SUMPRODUCT(M46:M48, F46:F48) -> 34445 | N49: =SUMPRODUCT(N46:N48, F46:F48) -> 35325 | O49: =SUMPRODUCT(O46:O48, F46:F48) -> 35600 | P49: =SUMPRODUCT(P46:P48, F46:F48) -> 35980
A50: Всего за месяц | D50: =SUM(D49+D45+D40)*30 -> 2438700 | E50: =SUM(E49+E45+E40)*30 -> 2586600 | G50: =SUM(G49+G45+G40)*30 -> 2868000 | H50: =SUM(H49+H45+H40)*30 -> 2898750 | I50: =SUM(I49+I45+I40)*30 -> 3034950 | J50: =SUM(J49+J45+J40)*30 -> 3175950 | K50: =SUM(K49+K45+K40)*30 -> 3275550 | L50: =SUM(L49+L45+L40)*30 -> 3420000 | M50: =SUM(M49+M45+M40)*30 -> 3512400 | N50: =SUM(N49+N45+N40)*30 -> 3713550 | O50: =SUM(O49+O45+Доход!O40)*30 -> 3837450 | P50: =SUM(P49+P45+P40)*30 -> 3982650
M52: 54901200
A53: Статья доходов 2030-2031г (сен-авг)
A54: Роль | B54: Наименование | C54: Количество операций в день | Q54: Годовое значение
C55: Цена за ед | D55: Август | E55: Сентябрь | F55: Цена за ед | G55: Октябрь | H55: Ноябрь | I55: Декабрь | J55: Январь | K55: Февраль | L55: Март | M55: Апрель | N55: Май | O55: Июнь | P55: Июль
A56: Работник | B56: Поднятие резюме | C56: 220 | D56: 19 | E56: 19 | F56: 220 | G56: 19 | H56: 22 | I56: 22 | J56: 22 | K56: 25 | L56: 25 | M56: 25 | N56: 27 | O56: 27 | P56: 27 | Q56: =SUM(D68:P68) -> 60257400
B57: Автоматическая рассылка р | C57: 130 | D57: 8 | E57: 9 | F57: 130 | G57: 9 | H57: 10 | I57: 10 | J57: 12 | K57: 13 | L57: 13 | M57: 14 | N57: 14 | O57: 14 | P57: 15
B58: Итого | D58: =SUMPRODUCT(C56:C57,D56:D57) -> 5220 | E58: =SUMPRODUCT(C56:C57,E56:E57) -> 5350 | G58: =SUMPRODUCT(F56:F57,G56:G57) -> 5350 | H58: =SUMPRODUCT(H56:H57,F56:F57) -> 6140 | I58: =SUMPRODUCT(F56:F57,I56:I57) -> 6140 | J58: =SUMPRODUCT(F56:F57,J56:J57) -> 6400 | K58: =SUMPRODUCT(F56:F57,K56:K57) -> 7190 | L58: =SUMPRODUCT(F56:F57,L56:L57) -> 7190 | M58: =SUMPRODUCT(F56:F57,M56:M57) -> 7320 | N58: =SUMPRODUCT(F56:F57,N56:N57) -> 7760 | O58: =SUMPRODUCT(F56:F57,O56:O57) -> 7760 | P58: =SUMPRODUCT(F56:F57,P56:P57) -> 7890
A59: Организация | B59: Размещение вак (1 мес) | C59: 660 | D59: 89 | E59: 93 | F59: 710 | G59: 96 | H59: 97 | I59: 99 | J59: 103 | K59: 105 | L59: 108 | M59: 111 | N59: 117 | O59: 120 | P59: 124
B60: Размещение вак (сроч) | C60: 245 | D60: 83 | E60: 87 | F60: 270 | G60: 90 | H60: 91 | I60: 93 | J60: 95 | K60: 97 | L60: 100 | M60: 104 | N60: 108 | O60: 111 | P60: 113
B61: Открытие резюме | C61: 120 | D61: 82 | E61: 85 | F61: 150 | G61: 88 | H61: 88 | I61: 90 | J61: 91 | K61: 93 | L61: 97 | M61: 100 | N61: 105 | O61: 107 | P61: 111
B62: Кастомизвция лого (1мес) | C62: 220 | D62: 12 | E62: 12 | F62: 220 | G62: 12 | H62: 14 | I62: 14 | J62: 14 | K62: 16 | L62: 16 | M62: 16 | N62: 16 | O62: 18 | P62: 18
B63: Итого | D63: =SUMPRODUCT(D59:D62, C59:C62) -> 91555 | E63: =SUMPRODUCT(E59:E62, C59:C62) -> 95535 | G63: =SUMPRODUCT(G59:G62,F59:F62) -> 108300 | H63: =SUMPRODUCT(H59:H62,F59:F62) -> 109720 | I63: =SUMPRODUCT(I59:I62,F59:F62) -> 111980 | J63: =SUMPRODUCT(J59:J62,F59:F62) -> 115510 | K63: =SUMPRODUCT(K59:K62,F59:F62) -> 118210 | L63: =SUMPRODUCT(L59:L62,F59:F62) -> 121750 | M63: =SUMPRODUCT(M59:M62,F59:F62) -> 125410 | N63: =SUMPRODUCT(N59:N62,F59:F62) -> 131500 | O63: =SUMPRODUCT(O59:O62,F59:F62) -> 135180 | P63: =SUMPRODUCT(P59:P62,F59:F62) -> 139160
A64: Поставщик | B64: Размещение магазина | C64: 690 | D64: 30 | E64: 30 | F64: 730 | G64: 33 | H64: 33 | I64: 33 | J64: 36 | K64: 36 | L64: 36 | M64: 39 | N64: 39 | O64: 40 | P64: 40
B65: Поднятие магазина в топ | C65: 275 | D65: 30 | E65: 30 | F65: 300 | G65: 31 | H65: 31 | I65: 31 | J65: 32 | K65: 33 | L65: 34 | M65: 35 | N65: 35 | O65: 36 | P65: 36
B66: Открытие организации | C66: 190 | D66: 37 | E66: 40 | F66: 190 | G66: 40 | H66: 40 | I66: 43 | J66: 43 | K66: 45 | L66: 45 | M66: 48 | N66: 48 | O66: 50 | P66: 50
B67: Итого | D67: =SUMPRODUCT(D64:D66, C64:C66) -> 35980 | E67: =SUMPRODUCT(E64:E66, C64:C66) -> 36550 | G67: =SUMPRODUCT(G64:G66, F64:F66) -> 40990 | H67: =SUMPRODUCT(H64:H66, F64:F66) -> 40990 | I67: =SUMPRODUCT(I64:I66, F64:F66) -> 41560 | J67: =SUMPRODUCT(J64:J66, F64:F66) -> 44050 | K67: =SUMPRODUCT(K64:K66, F64:F66) -> 44730 | L67: =SUMPRODUCT(L64:L66, F64:F66) -> 45030 | M67: =SUMPRODUCT(M64:M66, F64:F66) -> 48090 | N67: =SUMPRODUCT(N64:N66, F64:F66) -> 48090 | O67: =SUMPRODUCT(O64:O66, F64:F66) -> 49500 | P67: =SUMPRODUCT(P64:P66, F64:F66) -> 49500
A68: Всего за месяц | D68: =SUM(D67+D63+D58)*30 -> 3982650 | E68: =SUM(E67+E63+E58)*30 -> 4123050 | G68: =SUM(G67+G63+G58)*30 -> 4639200 | H68: =SUM(H67+H63+H58)*30 -> 4705500 | I68: =SUM(I67+I63+I58)*30 -> 4790400 | J68: =SUM(J67+J63+J58)*30 -> 4978800 | K68: =SUM(K67+K63+K58)*30 -> 5103900 | L68: =SUM(L67+L63+L58)*30 -> 5219100 | M68: =SUM(M67+M63+M58)*30 -> 5424600 | N68: =SUM(N67+N63+N58)*30 -> 5620500 | ... P68: =SUM(P67+P63+P58)*30 -> 5896500
A71: Статья доходов 2031-2032г (сен-авг)
A72: Роль | B72: Наименование | C72: Количество операций в день | Q72: Годовое значение
C73: Цена за ед | D73: Август | E73: Сентябрь | F73: Цена за ед | G73: Октябрь | H73: Ноябрь | I73: Декабрь | J73: Январь | K73: Февраль | L73: Март | M73: Апрель | N73: Май | O73: Июнь | P73: Июль
A74: Работник | B74: Поднятие резюме | C74: 220 | D74: 28 | E74: 28 | F74: 220 | G74: 29 | H74: 29 | I74: 29 | J74: 31 | K74: 31 | L74: 31 | M74: 33 | N74: 33 | O74: 33 | P74: 36 | Q74: =SUM(D86:P86) -> 77093700
B75: Автоматическая рассылка р | C75: 130 | D75: 15 | E75: 16 | F75: 130 | G75: 19 | H75: 20 | I75: 20 | J75: 20 | K75: 21 | L75: 21 | M75: 21 | N75: 21 | O75: 21 | P75: 23
B76: Итого | D76: =SUMPRODUCT(C74:C75,D74:D75) -> 8110 | E76: =SUMPRODUCT(C74:C75,E74:E75) -> 8240 | G76: =SUMPRODUCT(F74:F75,G74:G75) -> 8850 | H76: =SUMPRODUCT(H74:H75,F74:F75) -> 8980 | I76: =SUMPRODUCT(F74:F75,I74:I75) -> 8980 | J76: =SUMPRODUCT(F74:F75,J74:J75) -> 9420 | K76: =SUMPRODUCT(F74:F75,K74:K75) -> 9550 | L76: =SUMPRODUCT(F74:F75,L74:L75) -> 9550 | M76: =SUMPRODUCT(F74:F75,M74:M75) -> 9990 | N76: =SUMPRODUCT(F74:F75,N74:N75) -> 9990 | O76: =SUMPRODUCT(F74:F75,O74:O75) -> 9990 | P76: =SUMPRODUCT(F74:F75,P74:P75) -> 10910
A77: Организация | B77: Размещение вак (1 мес) | C77: 710 | D77: 124 | E77: 127 | F77: 750 | G77: 127 | H77: 130 | I77: 130 | J77: 130 | K77: 132 | L77: 132 | M77: 132 | N77: 133 | O77: 133 | P77: 135
B78: Размещение вак (сроч) | C78: 270 | D78: 113 | E78: 113 | F78: 290 | G78: 113 | H78: 113 | I78: 115 | J78: 115 | K78: 115 | L78: 115 | M78: 117 | N78: 117 | O78: 118 | P78: 120
B79: Открытие резюме | C79: 150 | D79: 111 | E79: 111 | F79: 150 | G79: 111 | H79: 111 | I79: 114 | J79: 114 | K79: 114 | L79: 114 | M79: 115 | N79: 115 | O79: 115 | P79: 117
B80: Кастомизвция лого (1мес) | C80: 220 | D80: 18 | E80: 18 | F80: 220 | G80: 18 | H80: 19 | I80: 19 | J80: 19 | K80: 19 | L80: 19 | M80: 19 | N80: 19 | O80: 20 | P80: 20
B81: Итого | D81: =SUMPRODUCT(D77:D80, C77:C80) -> 139160 | E81: =SUMPRODUCT(E77:E80, C77:C80) -> 141290 | G81: =SUMPRODUCT(G77:G80,F77:F80) -> 148630 | H81: =SUMPRODUCT(H77:H80,F77:F80) -> 151100 | I81: =SUMPRODUCT(I77:I80,F77:F80) -> 152130 | J81: =SUMPRODUCT(J77:J80,F77:F80) -> 152130 | K81: =SUMPRODUCT(K77:K80,F77:F80) -> 153630 | L81: =SUMPRODUCT(L77:L80,F77:F80) -> 153630 | M81: =SUMPRODUCT(M77:M80,F77:F80) -> 154360 | N81: =SUMPRODUCT(N77:N80,F77:F80) -> 155110 | O81: =SUMPRODUCT(O77:O80,F77:F80) -> 155620 | P81: =SUMPRODUCT(P77:P80,F77:F80) -> 158000
A82: Поставщик | B82: Размещение магазина | C82: 730 | D82: 40 | E82: 40 | F82: 760 | G82: 40 | H82: 40 | I82: 42 | J82: 42 | K82: 42 | L82: 44 | M82: 44 | N82: 44 | O82: 44 | P82: 46
B83: Поднятие магазина в топ | C83: 300 | D83: 36 | E83: 36 | F83: 300 | G83: 36 | H83: 36 | I83: 37 | J83: 37 | K83: 37 | L83: 37 | M83: 37 | N83: 37 | O83: 37 | P83: 39
B84: Открытие организации | C84: 190 | D84: 50 | E84: 50 | F84: 190 | G84: 51 | H84: 51 | I84: 54 | J84: 54 | K84: 57 | L84: 57 | M84: 59 | N84: 59 | O84: 59 | P84: 63
B85: Итого | D85: =SUMPRODUCT(D82:D84, C82:C84) -> 49500 | E85: =SUMPRODUCT(E82:E84, C82:C84) -> 49500 | G85: =SUMPRODUCT(G82:G84, F82:F84) -> 50890 | H85: =SUMPRODUCT(H82:H84, F82:F84) -> 50890 | I85: =SUMPRODUCT(I82:I84, F82:F84) -> 53280 | J85: =SUMPRODUCT(J82:J84, F82:F84) -> 53280 | K85: =SUMPRODUCT(K82:K84, F82:F84) -> 53850 | L85: =SUMPRODUCT(L82:L84, F82:F84) -> 55370 | M85: =SUMPRODUCT(M82:M84, F82:F84) -> 55750 | N85: =SUMPRODUCT(N82:N84, F82:F84) -> 55750 | O85: =SUMPRODUCT(O82:O84, F82:F84) -> 55750 | P85: =SUMPRODUCT(P82:P84, F82:F84) -> 58630
A86: Всего за месяц | D86: =SUM(D85+D81+D76)*30 -> 5903100 | E86: =SUM(E85+E81+E76)*30 -> 5970900 | G86: =SUM(G85+G81+G76)*30 -> 6251100 | H86: =SUM(H85+H81+H76)*30 -> 6329100 | I86: =SUM(I85+I81+I76)*30 -> 6431700 | J86: =SUM(J85+J81+J76)*30 -> 6444900 | K86: =SUM(K85+K81+K76)*30 -> 6510900 | L86: =SUM(L85+L81+L76)*30 -> 6556500 | M86: =SUM(M85+M81+M76)*30 -> 6603000 | N86: =SUM(N85+N81+N76)*30 -> 6625500 | ... P86: =SUM(P85+P81+P76)*30 -> 6826200

Sheet СВ
A1: Сводный анализ Доходы - Расходы 2026-2027г | N1: Балланс компании
B2: Август | C2: Сентябрь | D2: Октябрь | E2: Ноябрь | F2: Декабрь | G2: Январь | H2: Февраль | I2: Март | J2: Апрель | K2: Май | L2: Июнь | M2: Июль
A3: Инвестиции | B3: 6000000 | C3: =B6 -> 4697250 | D3: =C6 -> 4339500 | E3: =D6 -> 3431750 | F3: =E6 -> 3074000 | G3: =F6 -> 2716250 | H3: =G6 -> 1801700 | I3: =H6 -> 1562750 | J3: =I6 -> 1267000 | ... N3: =M6 -> 410200
A4: Доход | B4: =Доход!D15 -> 0 | C4: =Доход!E15 -> 0 | D4: =Доход!F15 -> 0 | E4: =Доход!G15 -> 0 | F4: =Доход!H15 -> 0 | G4: =Доход!I15 -> 43200 | H4: =Доход!J15 -> 118800 | I4: =Доход!K15 -> 162000 | ... M4: =Доход!O15 -> 533100
A5: Расход | B5: =Расходы!C31 -> 1302750 | C5: =Расходы!D31 -> 357750 | D5: =Расходы!E31 -> 907750 | E5: =Расходы!F31 -> 357750 | F5: =Расходы!G31 -> 357750 | G5: =Расходы!H31 -> 957750 | H5: =Расходы!I31 -> 357750 | I5: =Расходы!J31 -> 457750 | ... M5: =Расходы!N31 -> 627750
A6: Итог минимальный | B6: =(B3+B4)-B5 -> 4697250 | C6: =(C3+C4)-C5 -> 4339500 | D6: =(D3+D4)-D5 -> 3431750 | E6: =(E3+E4)-E5 -> 3074000 | F6: =(F3+F4)-F5 -> 2716250 | G6: =(G3+G4)-G5 -> 1801700 | H6: =(H3+H4)-H5 -> 1562750 | I6: =(I3+I4)-I5 -> 1267000 | ... M6: =(M3+M4)-M5 -> 410200
A7: Операцион | B7: =SUM(B4-B5) -> -1302750 | C7: =SUM(C4-C5) -> -357750 | D7: =SUM(D4-D5) -> -907750 | E7: =SUM(E4-E5) -> -357750 | F7: =SUM(F4-F5) -> -357750 | G7: =SUM(G4-G5) -> -914550 | H7: =SUM(H4-H5) -> -238950 | I7: =SUM(I4-I5) -> -295750 | ... M7: =SUM(M4-M5) -> -94650
A9: Сводный анализ Доходы - Расходы 2027-2028г | N9: Доход
B10: Август | C10: Сентябрь | D10: Октябрь | E10: Ноябрь | F10: Декабрь | G10: Январь | H10: Февраль | I10: Март | J10: Апрель | K10: Май | L10: Июнь | M10: Июль
A11: Балланс | B11: =M6 -> 410200 | C11: =B14 -> 128500 | D11: =C14 -> 9550 | H11: 448250 | N11: =SUM(F14:M14,) -> 2555700
A12: Доход | B12: =Доход!D32 -> 706050 | C12: =Доход!E32 -> 868800 | D12: =Доход!F32 -> 1020000 | E12: =Доход!G32 -> 1146750 | F12: =Доход!H32 -> 1236450 | G12: =Доход!I32 -> 1425600 | H12: =Доход!J32 -> 1537950 | I12: =Доход!L32 -> 1803150 | J12: =Доход!M32 -> 1882950 | K12: =Доход!N32 -> 2035350 | L12: =Доход!O32 -> 2188650 | M12: =Доход!P32 -> 2299350
A13: Расход | B13: =Расходы!C61 -> 987750 | C13: =Расходы!D61 -> 987750 | D13: =Расходы!E61 -> 987750 | E13: =Расходы!F61 -> 1047750 | F13: =Расходы!G61 -> 1047750 | G13: =Расходы!H61 -> 1107750 | H13: =Расходы!I61 -> 1877750 | I13: =Расходы!J61 -> 1237750 | ... M13: =Расходы!N61 -> 1757750
A14: Итог | B14: =(B11+B12)-B13 -> 128500 | C14: =(C11+C12)-C13 -> 9550 | D14: =(D11+D12)-D13 -> 41800 | E14: =(E11+E12)-E13 -> 99000 | F14: =(F11+F12)-F13 -> 188700 | G14: =(G11+G12)-G13 -> 317850 | H14: =(H11+H12)-H13 -> 108450 | I14: =(I11+I12)-I13 -> 565400 | ... M14: =(M11+M12)-M13 -> 541600
A17: Сводный анализ Доходы - Расходы 2028-2029г | N17: Доход
B18: Август | C18: Сентябрь | D18: Октябрь | E18: Ноябрь | F18: Декабрь | G18: Январь | H18: Февраль | I18: Март | J18: Апрель | K18: Май | L18: Июнь | M18: Июль
A19: Доход | B19: =Доход!D50 -> 2438700 | C19: =Доход!E50 -> 2586600 | D19: =Доход!G50 -> 2868000 | E19: 3259800 | F19: =Доход!I50 -> 3034950 | G19: =Доход!J50 -> 3175950 | H19: =Доход!K50 -> 3275550 | I19: =Доход!L50 -> 3420000 | J19: =Доход!M50 -> 3512400 | K19: =Доход!N50 -> 3713550 | L19: =Доход!O50 -> 3837450 | M19: =Доход!P50 -> 3982650 | N19: =SUM(B21:M21) -> 7258600
A20: Расход | B20: =Расходы!C96 -> 2346000 | C20: =Расходы!D96 -> 2346000 | D20: =Расходы!E96 -> 2346000 | E20: =Расходы!F96 -> 2576000 | F20: =Расходы!G96 -> 2626000 | G20: =Расходы!H96 -> 2756000 | H20: =Расходы!I96 -> 2796000 | I20: =Расходы!J96 -> 2811000 | ... M20: =Расходы!N96 -> 2811000
A21: Итог | B21: =(B19-B20) -> 92700 | C21: =(C19-C20) -> 240600 | D21: =(D19-D20) -> 522000 | E21: =(E19-E20) -> 683800 | F21: =(F19-F20) -> 408950 | G21: =(G19-G20) -> 419950 | H21: =(H19-H20) -> 479550 | I21: =(I19-I20) -> 609000 | ... M21: =(M19-M20) -> 1171650
A24: Сводный анализ Доходы-Расходы 2030-2031г | N24: Доход
B25: Август | C25: Сентябрь | D25: Октябрь | E25: Ноябрь | F25: Декабрь | G25: Январь | H25: Февраль | I25: Март | J25: Апрель | K25: Май | L25: Июнь | M25: Июль
A26: Доход | B26: =Доход!D68 -> 3982650 | C26: =Доход!E68 -> 4123050 | D26: =Доход!G68 -> 4639200 | E26: =Доход!H68 -> 4705500 | F26: =Доход!I68 -> 4790400 | G26: =Доход!J68 -> 4978800 | H26: =Доход!K68 -> 5103900 | I26: =Доход!L68 -> 5219100 | J26: =Доход!M68 -> 5424600 | K26: =Доход!N68 -> 5620500 | ... M26: =Доход!P68 -> 5896500 | N26: =SUM(B28:M28) -> 18991400
A27: Расход | B27: =Расходы!C133 -> 3283000 | C27: =Расходы!D133 -> 3283000 | D27: =Расходы!E133 -> 3283000 | E27: =Расходы!F133 -> 3423000 | F27: =Расходы!G133 -> 3423000 | G27: =Расходы!H133 -> 3423000 | H27: =Расходы!I133 -> 3513000 | I27: =Расходы!J133 -> 3523000 | ... M27: =Расходы!N133 -> 3533000
A28: Итог | B28: =(B26-B27) -> 699650 | C28: =(C26-C27) -> 840050 | D28: =(D26-D27) -> 1356200 | E28: =(E26-E27) -> 1282500 | F28: =(F26-F27) -> 1367400 | G28: =(G26-G27) -> 1555800 | H28: =(H26-H27) -> 1590900 | I28: =(I26-I27) -> 1696100 | ... M28: =(M26-M27) -> 2363500
A31: Сводный анализ Доходы-Расходы 2032-2033г | N31: Доход
B32: Август | C32: Сентябрь | D32: Октябрь | E32: Ноябрь | F32: Декабрь | G32: Январь | H32: Февраль | I32: Март | J32: Апрель | K32: Май | L32: Июнь | M32: Июль
A33: Доход | B33: =Доход!D86 -> 5903100 | C33: =Доход!E86 -> 5970900 | D33: =Доход!G86 -> 6251100 | E33: =Доход!H86 -> 6329100 | F33: =Доход!I86 -> 6431700 | G33: =Доход!J86 -> 6444900 | H33: =Доход!K86 -> 6510900 | I33: =Доход!L86 -> 6556500 | J33: =Доход!M86 -> 6603000 | K33: =Доход!N86 -> 6625500 | ... M33: =Доход!P86 -> 6826200 | N33: =SUM(B35:M35) -> 30777700
A34: Расход | B34: =Расходы!C170 -> 3783000 | C34: =Расходы!D170 -> 3783000 | D34: =Расходы!E170 -> 3783000 | E34: =Расходы!F170 -> 3823000 | F34: =Расходы!G170 -> 3823000 | G34: =Расходы!H170 -> 3823000 | H34: =Расходы!I170 -> 3903000 | I34: =Расходы!J170 -> 3903000 | ... M34: =Расходы!N170 -> 3923000
A35: Итог | B35: =(B33-B34) -> 2120100 | C35: =(C33-C34) -> 2187900 | D35: =(D33-D34) -> 2468100 | E35: =(E33-E34) -> 2506100 | F35: =(F33-F34) -> 2608700 | G35: =(G33-G34) -> 2621900 | H35: =(H33-H34) -> 2607900 | I35: =(I33-I34) -> 2653500 | ... M35: =(M33-M34) -> 2903200

Sheet накопленный денежный п.
A1: Сводный анализ Доходы - Расходы 2026-2027г | N1: Балланс компании
B2: Август | C2: Сентябрь | D2: Октябрь | E2: Ноябрь | F2: Декабрь | G2: Январь | H2: Февраль | I2: Март | J2: Апрель | K2: Май | L2: Июнь | M2: Июль
A3: Инвестиции | B3: 6000000 | C3: =B6 -> 4697250 | D3: =C6 -> 4339500 | E3: =D6 -> 3431750 | F3: =E6 -> 3074000 | G3: =F6 -> 2716250 | H3: =G6 -> 1801700 | I3: =H6 -> 1562750 | J3: =I6 -> 1267000 | ... N3: =M6 -> 410200
A4: Доход | B4: =Доход!D15 -> 0 | C4: =Доход!E15 -> 0 | D4: =Доход!F15 -> 0 | E4: =Доход!G15 -> 0 | F4: =Доход!H15 -> 0 | G4: =Доход!I15 -> 43200 | H4: =Доход!J15 -> 118800 | I4: =Доход!K15 -> 162000 | ... M4: =Доход!O15 -> 533100
A5: Расход | B5: =Расходы!C31 -> 1302750 | C5: =Расходы!D31 -> 357750 | D5: =Расходы!E31 -> 907750 | E5: =Расходы!F31 -> 357750 | F5: =Расходы!G31 -> 357750 | G5: =Расходы!H31 -> 957750 | H5: =Расходы!I31 -> 357750 | I5: =Расходы!J31 -> 457750 | ... M5: =Расходы!N31 -> 627750
A6: Итог минимальный | B6: =(B3+B4)-B5 -> 4697250 | C6: =(C3+C4)-C5 -> 4339500 | D6: =(D3+D4)-D5 -> 3431750 | E6: =(E3+E4)-E5 -> 3074000 | F6: =(F3+F4)-F5 -> 2716250 | G6: =(G3+G4)-G5 -> 1801700 | H6: =(H3+H4)-H5 -> 1562750 | I6: =(I3+I4)-I5 -> 1267000 | ... M6: =(M3+M4)-M5 -> 410200
A9: Сводный анализ Доходы - Расходы 2027-2028г | N9: Балланс компании
B10: Август | C10: Сентябрь | D10: Октябрь | E10: Ноябрь | F10: Декабрь | G10: Январь | H10: Февраль | I10: Март | J10: Апрель | K10: Май | L10: Июнь | M10: Июль
A11: Балланс | B11: =M6 -> 410200 | C11: =B14 -> 128500 | D11: =C14 -> 9550 | E11: =D14 -> 41800 | F11: =E14 -> 140800 | G11: =F14 -> 329500 | H11: =G14 -> 647350 | I11: =H14 -> 307550 | J11: =I14 -> 872950 | ... N11: =M14 -> 2248250
A12: Доход | B12: =Доход!D32 -> 706050 | C12: =Доход!E32 -> 868800 | D12: =Доход!F32 -> 1020000 | E12: =Доход!G32 -> 1146750 | F12: =Доход!H32 -> 1236450 | G12: =Доход!I32 -> 1425600 | H12: =Доход!J32 -> 1537950 | I12: =Доход!L32 -> 1803150 | J12: =Доход!M32 -> 1882950 | K12: =Доход!N32 -> 2035350 | L12: =Доход!O32 -> 2188650 | M12: =Доход!P32 -> 2299350
A13: Расход | B13: =Расходы!C61 -> 987750 | C13: =Расходы!D61 -> 987750 | D13: =Расходы!E61 -> 987750 | E13: =Расходы!F61 -> 1047750 | F13: =Расходы!G61 -> 1047750 | G13: =Расходы!H61 -> 1107750 | H13: =Расходы!I61 -> 1877750 | I13: =Расходы!J61 -> 1237750 | ... M13: =Расходы!N61 -> 1757750
A14: Итог | B14: =(B11+B12)-B13 -> 128500 | C14: =(C11+C12)-C13 -> 9550 | D14: =(D11+D12)-D13 -> 41800 | E14: =(E11+E12)-E13 -> 140800 | F14: =(F11+F12)-F13 -> 329500 | G14: =(G11+G12)-G13 -> 647350 | H14: =(H11+H12)-H13 -> 307550 | I14: =(I11+I12)-I13 -> 872950 | ... M14: =(M11+M12)-M13 -> 2248250
A17: Сводный анализ Доходы - Расходы 2028-2029г | N17: Балланс компании
B18: Август | C18: Сентябрь | D18: Октябрь | E18: Ноябрь | F18: Декабрь | G18: Январь | H18: Февраль | I18: Март | J18: Апрель | K18: Май | L18: Июнь | M18: Июль
A19: Балланс | B19: =M14 -> 2248250 | C19: =B22 -> 2340950 | D19: =C22 -> 2581550 | E19: =D22 -> 3103550 | F19: =E22 -> 3787350 | G19: =F22 -> 4196300 | H19: =G22 -> 4616250 | I19: =H22 -> 5095800 | J19: =I22 -> 5704800 | ... M19: =L22 -> 8335200
A20: Доход | B20: =Доход!D50 -> 2438700 | C20: =Доход!E50 -> 2586600 | D20: =Доход!G50 -> 2868000 | E20: 3259800 | F20: =Доход!I50 -> 3034950 | G20: =Доход!J50 -> 3175950 | H20: =Доход!K50 -> 3275550 | I20: =Доход!L50 -> 3420000 | J20: =Доход!M50 -> 3512400 | K20: =Доход!N50 -> 3713550 | L20: =Доход!O50 -> 3837450 | M20: =Доход!P50 -> 3982650 | N20: =M22 -> 9506850
A21: Расход | B21: =Расходы!C96 -> 2346000 | C21: =Расходы!D96 -> 2346000 | D21: =Расходы!E96 -> 2346000 | E21: =Расходы!F96 -> 2576000 | F21: =Расходы!G96 -> 2626000 | G21: =Расходы!H96 -> 2756000 | H21: =Расходы!I96 -> 2796000 | I21: =Расходы!J96 -> 2811000 | ... M21: =Расходы!N96 -> 2811000
A22: Итог | B22: =(B19+B20)-B21 -> 2340950 | C22: =(C19+C20)-C21 -> 2581550 | D22: =(D19+D20)-D21 -> 3103550 | E22: =(E19+E20)-E21 -> 3787350 | F22: =(F19+F20)-F21 -> 4196300 | G22: =(G19+G20)-G21 -> 4616250 | H22: =(H19+H20)-H21 -> 5095800 | I22: =(I19+I20)-I21 -> 5704800 | ... M22: =(M19+M20)-M21 -> 9506850
A25: Сводный анализ Доходы-Расходы 2030-2031г | N25: Балланс компании
B26: Август | C26: Сентябрь | D26: Октябрь | E26: Ноябрь | F26: Декабрь | G26: Январь | H26: Февраль | I26: Март | J26: Апрель | K26: Май | L26: Июнь | M26: Июль
A27: Балланс | B27: =M22 -> 9506850 | C27: =B30 -> 10206500 | D27: =C30 -> 11046550 | E27: =D30 -> 12402750 | F27: =E30 -> 13685250 | G27: =F30 -> 15052650 | H27: =G30 -> 16608450 | I27: =H30 -> 18199350 | J27: =I30 -> 19895450 | ... M27: =L30 -> 26134750
A28: Доход | B28: =Доход!D68 -> 3982650 | C28: =Доход!E68 -> 4123050 | D28: =Доход!G68 -> 4639200 | E28: =Доход!H68 -> 4705500 | F28: =Доход!I68 -> 4790400 | G28: =Доход!J68 -> 4978800 | H28: =Доход!K68 -> 5103900 | I28: =Доход!L68 -> 5219100 | J28: =Доход!M68 -> 5424600 | K28: =Доход!N68 -> 5620500 | ... M28: =Доход!P68 -> 5896500 | N28: =M30 -> 28498250
A29: Расход | B29: =Расходы!C133 -> 3283000 | C29: =Расходы!D133 -> 3283000 | D29: =Расходы!E133 -> 3283000 | E29: =Расходы!F133 -> 3423000 | F29: =Расходы!G133 -> 3423000 | G29: =Расходы!H133 -> 3423000 | H29: =Расходы!I133 -> 3513000 | I29: =Расходы!J133 -> 3523000 | ... M29: =Расходы!N133 -> 3533000
A30: Итог | B30: =(B27+B28)-B29 -> 10206500 | C30: =(C27+C28)-C29 -> 11046550 | D30: =(D27+D28)-D29 -> 12402750 | E30: =(E27+E28)-E29 -> 13685250 | F30: =(F27+F28)-F29 -> 15052650 | G30: =(G27+G28)-G29 -> 16608450 | H30: =(H27+H28)-H29 -> 18199350 | I30: =(I27+I28)-I29 -> 19895450 | ... M30: =(M27+M28)-M29 -> 28498250
A33: Сводный анализ Доходы-Расходы 2032-2033г | N33: Балланс компании
B34: Август | C34: Сентябрь | D34: Октябрь | E34: Ноябрь | F34: Декабрь | G34: Январь | H34: Февраль | I34: Март | J34: Апрель | K34: Май | L34: Июнь | M34: Июль
A35: Балланс | B35: =M30 -> 28498250 | C35: =B38 -> 30618350 | D35: =C38 -> 32806250 | E35: =D38 -> 35274350 | F35: =E38 -> 37780450 | G35: =F38 -> 40389150 | H35: =G38 -> 43011050 | I35: =H38 -> 45618950 | J35: =I38 -> 48272450 | ... M35: =L38 -> 56372750
A36: Доход | B36: =Доход!D86 -> 5903100 | C36: =Доход!E86 -> 5970900 | D36: =Доход!G86 -> 6251100 | E36: =Доход!H86 -> 6329100 | F36: =Доход!I86 -> 6431700 | G36: =Доход!J86 -> 6444900 | H36: =Доход!K86 -> 6510900 | I36: =Доход!L86 -> 6556500 | J36: =Доход!M86 -> 6603000 | K36: =Доход!N86 -> 6625500 | ... M36: =Доход!P86 -> 6826200 | N36: =M38 -> 59275950
A37: Расход | B37: =Расходы!C170 -> 3783000 | C37: =Расходы!D170 -> 3783000 | D37: =Расходы!E170 -> 3783000 | E37: =Расходы!F170 -> 3823000 | F37: =Расходы!G170 -> 3823000 | G37: =Расходы!H170 -> 3823000 | H37: =Расходы!I170 -> 3903000 | I37: =Расходы!J170 -> 3903000 | ... M37: =Расходы!N170 -> 3923000
A38: Итог | B38: =(B35+B36)-B37 -> 30618350 | C38: =(C35+C36)-C37 -> 32806250 | D38: =(D35+D36)-D37 -> 35274350 | E38: =(E35+E36)-E37 -> 37780450 | F38: =(F35+F36)-F37 -> 40389150 | G38: =(G35+G36)-G37 -> 43011050 | H38: =(H35+H36)-H37 -> 45618950 | I38: =(I35+I36)-I37 -> 48272450 | ... M38: =(M35+M36)-M37 -> 59275950

Sheet Сегментация расходов
A1: Сегментация расходов инвестиций (руб)
A2: Операционные | B2: Инвестиционные | D2: Итог
A3: {=SUM(Расходы!C11:N11+Расходы!C30:N30)} -> 2513000 | B3: {=SUM(Расходы!C17:N17+Расходы!C23:N23)} -> 4445000 | D3: =SUM(A3+B3+Расходы!C25) -> 7358000

Sheet График релизов
A1: График релизов сервиса EatWork 2025-2026г
A2: Август | E2: Сентябрь | I2: Октябрь | M2: Ноябрь | Q2: Декабрь | U2: Январь | Y2: Февраль | AC2: Март | AG2: Апрель | AK2: Май | AO2: Июнь | AS2: Июль
A3: 1) Доработка mvp версии сервиса на IOS | E3: 1) Выпуск mvp ios версии сервиса в части; Сотрудник - полная версия Организация - частичная реализаыия | I3: 1) Доработка Ios версии в части Поставщика Отзывов\Рейтинга Платежной системы | M3: 1) Доработка Ios версии в части Поставщика Отзывов\Рейтинга Платежной системы | Q3: 1) Выпуск полной IOS версии сервиса | U3: 1)Устранение возникающих ошибок IOS версии | Y3: 1)Устранение возникающих ошибок IOS версии 2) Улучшение ux | AC3: 1)Устранение возникающих ошибок IOS версии 2) Улучшение ux | AG3: 1)Устранение возникающих ошибок IOS версии 2)Обновление версии | AK3: 1)Устранение возникающих ошибок IOS версии 2)Разработка нового функционала | AO3: 1)Устранение возникающих ошибок IOS версии 2)Разработка нового функционала | AS3: 1)Устранение возникающих ошибок IOS версии 2)Обновление
A6: 2) Разработка рекламной стратегии | Q6: 2) Продвижение сервиса | U6: 1) Продвижение сервиса 2) Разработка маркетинговой стратегии поставщик | Y6: 1) Продвижение сервиса 2) Привлечение поставщиков | AC6: 1) Продвижение сервиса 2) Привлечение поставщиков | AG6: 1) Продвижение сервиса 2) Привлечение поставщиков | AK6: 1) Продвижение сервиса | AO6: 1) Продвижение сервиса | AS6: 1) Продвижение сервиса
E7: 2) Тестирования рекламной компании
I8: 2) Тестирования рекламной компании | M8: 2)Продвижение сервиса
A9: 3) Начало разработки web\android версии | E9: 3) Разработка web\android версии | Q9: 3) Разработка web\android версии | U9: 1) Разработка web\android версии | Y9: 1) Выпуск web версии 2) Выпуск and версии | AC9: 1) Устранение ошибок web версии 2) Устранение ошибок and версии | AG9: 1) Устранение ошибок web версии 2) Устранение ошибок and версии | AK9: 1) Улучшение ux web версии 2) Улучшении ux and версии | AO9: 1) Обновление ux web версии 2) Обновление ux and версии | AS9: 1) Устранение ошибок web\and версии 2) Улучшение ux
I10: 3) Разработка web\android версии | M10: 3) Разработка web\android версии

Sheet Прогноз денежных потоков 
B3: Год | C3: Доход (руб) | D3: Расход (руб) | E3: Чистый поток ( руб)
B4: 2025 -2026 | C4: 6000000 | D4: =Расходы!O3 -> 7358000 | E4: =SUM(C4-D4) -> -1358000
B6: 2026-2027 | C6: =Доход!Q21 -> 18151050 | D6: =Расходы!O35 -> 16313000 | E6: =SUM(C6-D6) -> 1838050
B8: 2027-2028 | C8: =Доход!Q38 -> 38744550 | D8: =Расходы!O65 -> 29036000 | E8: =SUM(C8-D8) -> 9708550
B10: 2028 -2029 | C10: =Доход!Q56 -> 60257400 | D10: =Расходы!O101 -> 37733000 | E10: =SUM(C10-D10) -> 22524400
B12: 2029 -2030 | C12: =Доход!Q74 -> 77093700 | D12: =Расходы!O138 -> 42393000 | E12: =SUM(C12-D12) -> 34700700
B14: Суммарный | C14: =SUM(E4:E13) -> 67413700

Sheet Дисконтированный денежный поток
C3: ​ ​
C4: DCF= ( | E4: CF t | I4: Год | J4: CF (руб) | K4: Дисконтированный CF
E5: ( 1+r)t | I5: 2025-20226 | J5: =СВ!N3 -> 410200 | K5: 347 627
C7: CF_t — денежный поток в году r — ставка дисконтирования (18%). | I7: 2026-2027 | J7: =СВ!N11 -> 2555700 | K7: 1 835 363
I9: 2027-2028 | J9: =СВ!N19 -> 7258600 | K9: 4417569
I11: 2028-2029 | J11: =СВ!N26 -> 18991400 | K11: 9 795 614
I13: 2029-2030 | J13: =СВ!N33 -> 30777700 | K13: 13453523
I15: Общий | J15: 29849698

Sheet Чистая приведенная стоимость (N
B1: NPV=DCF−Инвестиции= 29 849 698 - 6 000 000 = 23 849 698
B3: Вывод: NPV > 0

Sheet Внутренняя норма доходности (IR
A1: NPV = 0 при IRR.
D2: IRR = 24%

Sheet Срок окупаемости (PBP)
A1: Инвестиции: 6 млн руб. | F1: срок окупаемости
F2: 2025 | G2: -6000000
F3: 2026 | G3: -5 897 450
F4: 2027 | G4: -5 258 525
F5: 2028 | G5: -3 443 875
F6: 2029 | G6: 1303975
F7: 2030 | G7: 8998400
A8: ИТОГ | B8: 3 года и 6 месяцев

Sheet Оценка компании и доли инвестор
A1: Стоимость компании через 5 лет | I1: Обоснование
A2: Метод | B2: Revenue Multiple
A3: 30 777 700 х 3 = 92 333 100 | I3: 1) Аналоги: hh.ru (8x выручки) — но EAT WORK узкоспециализирован, что снижает риски. Агрегаторы ниш (например, «Яндекс.Услуги») — 5–7x 2)Рост рынка: Отрасль общепита растёт на 15% в год, а кадровый голод усиливает спрос на платформу. 3)Модель монетизации: Подписки (поставщики) + платные вакансии (работодатели) + реклама = устойчивый cash flow.
A6: Стоимость доли инвестора (20%)
A7: 92 333 100 - 75% = 23 083 275
A10: Доходность | C10: 23 083 275 − 6 000 000 | F10: х100 | G10: 284.72%
C11: 6000000
